 Dungeon Crawl Stone Soup version 0.22.0-32-gbc6daba (console) character file.

21 removed the Magician (level 2, 0/26 HPs)
             Began as a Deep Dwarf Wizard on Aug 23, 2018.
             Slain by Natasha (8 damage)
             ... on level 2 of the Dungeon.
             The game lasted 00:01:08 (974 turns).

removed the Magician (Deep Dwarf Wizard)             Turns: 974, Time: 00:01:09

Health: 0/26       AC:  2    Str: 10    XL:     2   Next: 65%
Magic:  0/5        EV: 12    Int: 18    God:
Gold:   42         SH:  0    Dex: 11    Spells: 5/6 levels left

rFire    . . .     SeeInvis .   a - +0 short sword
rCold    . . .     Gourm    .   (no shield)
rNeg     . . .     Faith    .   f - +0 robe
rPois    .         Spirit   .   b - +0 hat
rElec    .         Reflect  .   (no cloak)
rCorr    .         Harm     .   (no gloves)
MR       .....                  (no boots)
Stlth    ++........             (no amulet)
HPRegen  0.00/turn              (no ring)
MPRegen  0.09/turn              (no ring)

@: very slightly contaminated, non-regenerating, slowed, very slow
A: damage resistance, heal wounds, sense surroundings 1, no regeneration
a: Heal Wounds


You were on level 2 of the Dungeon.
You were not hungry.

You visited 1 branch of the dungeon, and saw 2 of its levels.

You collected 42 gold pieces.

Inventory:

Hand Weapons
 a - a +0 short sword (weapon)
Armour
 b - a +0 hat (worn)
 f - a +0 robe (worn)
Scrolls
 e - a scroll of blinking {unknown}
 g - a scroll of identify {unknown}
 h - a scroll of teleportation {unknown}
 k - a scroll of enchant weapon {unknown}
 l - a scroll of noise {unknown}
 m - a scroll of remove curse {unknown}
Potions
 i - 2 potions of agility {unknown}
 n - a potion of heal wounds {unknown}
 o - a potion of might {unknown}
Comestibles
 d - 4 rations
 j - 3 chunks of flesh


   Skills:
 + Level 2.1 Fighting
 - Level 2.1 Dodging
 - Level 2.4 Stealth
 - Level 2.6 Spellcasting
 - Level 1.0 Conjurations
   Level 0.8 Summonings
   Level 1.1 Translocations


You had 5 spell levels left.
You knew the following spells:

 Your Spells              Type           Power        Failure   Level  Hunger
a - Magic Dart            Conj           #...         11%         1    #......

Your spell library contained the following spells:

 Spells                   Type           Power        Failure   Level  Hunger
 Blink                    Tloc           N/A          16%         2    ##.....
 Call Imp                 Summ           #.......     19%         2    ##.....
 Slow                     Hex            #.......     26%         2    ##.....
 Conjure Flame            Conj/Fire      #.......     38%         3    ###....
 Mephitic Cloud           Conj/Pois/Air  #.......     41%         3    ###....


Dungeon Overview and Level Annotations

Branches:
Dungeon (2/15)

Altars:

Annotations:
D:2 Natasha


Innate Abilities, Weirdness & Mutations

You are resistant to damage.
You can heal yourself by infusing magical energy.
You passively map a small area around you.
You do not regenerate.


Message History

You are very lightly contaminated with residual magic.
Your skin tingles.
Unknown command.
Unknown command.
Casting: Magic Dart (safe; 11% risk of failure)
Confirm with . or Enter, or press ? or * to list all spells.
Aiming: Magic Dart (safe; 11% risk of failure)
Press: ? - help, Shift-Dir - straight line, f/p - Natasha
Aim: Natasha (moderately wounded)
You miscast Magic Dart.
Sparks fly from your hands! Natasha casts a spell at you.
You feel yourself slow down.
Unknown command.
Casting: Magic Dart (safe; 11% risk of failure)
Confirm with . or Enter, or press ? or * to list all spells.
You don't have enough magic to cast that spell.
Unknown command.
Okay, then.
Natasha claws you! x2
You die...

** * , ,** * .. .# *
* ..., , .# , , ...##
# .# *, ,, #.##.###.
.# * , *#.#
#.#.##.###.# . , #.#
*#..#......# .. ,
#.#####....### ...
,*#........@...# ,
.... #.#####...h#.#
.....##.#####.##.....
.#.............# ##5#
# .#######.####### .#
.# #.# ,. , , .# #.#
. * .# #.# .#
.#######.#


You could see an iron imp and Natasha.

Vanquished Creatures
  2 leopard geckos (D:1)
  2 goblins (D:1)
  4 hobgoblins
  3 bats
  A frilled lizard (D:1)
  4 kobolds (D:1)
  2 rats
18 creatures vanquished.

Notes
Turn   | Place    | Note
-------+----------+-------------------------------------------
     0 | D:1      | removed the Deep Dwarf Wizard began the quest for the Orb.
     0 | D:1      | Reached XP level 1. HP: 15/15 MP: 4/4
    28 | D:1      | Reached skill level 1 in Conjurations
   230 | D:1      | Reached skill level 1 in Fighting
   297 | D:1      | Reached XP level 2. HP: 20/25 MP: 1/5
   968 | D:2      | Noticed Natasha
   974 | D:2      | Slain by Natasha

Skill      XL: |  1  2 |
---------------+-------+-----
Conjurations   | 1 |  1.0
Fighting       | 1 2 |  2.1
Dodging        | |  2.1
Stealth        | |  2.4
Spellcasting   | |  2.6
Summonings     | |  0.8
Translocations | |  1.1

Action                   || total
-------------------------++-------
Melee: Short sword       ||    29
 Cast: Magic Dart        ||    42
Armor: Robe              ||     4
Dodge: Dodged            ||    28
